 Dungeon Crawl Stone Soup version 0.29-a0-892-g2c4c91d9db (webtiles) character file.

Game seed: 12130180430736760561

475 ragingrage the Chopper (level 7, -5/61 HPs)
             Began as a Gargoyle Delver on July 22, 2022.
             Splashed by a jelly's acid (9 damage)
             ... on level 5 of the Dungeon.
             The game lasted 00:06:50 (5443 turns).

ragingrage the Chopper (Gargoyle Delver)            Turns: 5443, Time: 00:06:51

Health: -5/61      AC:  7    Str: 21    XL:     7   Next: 10%
Magic:  7/7        EV:  2    Int: 11    God:
Gold:   211        SH:  0    Dex: 13    Spells: 6/6 levels left

rFire   . . .      SeeInvis .   a - +1 hand axe
rCold   + . .      Faith    .   (no shield)
rNeg    + . .      Spirit   .   (body armour currently unavailable)
rPois   ∞          Reflect  .   (helmet currently unavailable)
rElec   .          Harm     .   (cloak currently unavailable)
rCorr   .          Rampage  .   (gloves currently unavailable)
Will    .....      NoTele   +   (boots currently unavailable)
Stlth   +++.......              (no amulet)
HPRegen 0.20/turn               k - +6 ring of strength
MPRegen 0.10/turn               j - ring of protection from cold

@: brilliant, tree-form, corroded, attractive, hasted, very quick
A: stationary, stasis, torment immunity, boosted hp, sickness immunity, AC +4,
negative energy resistance 1, (electricity resistance), torment resistance 1,
petrification resistance, sense surroundings 1
a: no special abilities


You were on level 5 of the Dungeon.
You were a tree.
You visited 1 branch of the dungeon, and saw 7 of its levels.

You collected 211 gold pieces.

Inventory:

Hand Weapons
 a - a +1 hand axe (weapon)
 b - a +0 war axe
Missiles
 r - 2 boomerangs (quivered)
Armour
 y - a +0 scale mail (melded)
Jewellery
 j - a ring of protection from cold (right branch)
 k - a +6 ring of strength (left branch)
Wands
 g - a wand of digging (3)
Scrolls
 c - a scroll of fog
 d - a scroll of magic mapping
 e - 2 scrolls of fear
 h - 2 scrolls of amnesia
 n - 3 scrolls of teleportation {unknown}
 s - a scroll of summoning {unknown}
 u - a scroll of poison {unknown}
 v - a scroll of noise {unknown}
 w - a scroll of enchant armour {unknown}
 x - a scroll of identify {unknown}
Potions
 f - a potion of haste
 m - 2 potions of mutation


   Skills:
 - Level 3.2 Fighting
 * Level 6.8 Axes
 - Level 1.5 Dodging
 - Level 5.4 Stealth


You had 6 spell levels left.
You didn't know any spells.
Your spell library contained the following spells:

 Spells                   Type           Power      Damage    Failure   Level
 Apportation              Tloc           0%         N/A       34%         1
 Necrotise                Necr           0%         1d4       34%         1
 Summon Small Mammal      Summ           0%         N/A       34%         1
 Animate Armour           Summ/Erth      0%         N/A       98%         4
 Blade Hands              Tmut           0%         N/A       100%        5
 Fireball                 Conj/Fire      0%         3d3       100%        5
 Iron Shot                Conj/Erth      0%         9d1       100%        6
 Starburst                Conj/Fire      0%         6d3       100%        6
 Ignition                 Fire           0%         3d3       100%        8


Dungeon Overview and Level Annotations

Branches:
Dungeon (7/15)
 Temple: D:4-7

Altars:
Dithmenos
Nemelex Xobeh

Annotations:
D:2 Terence
D:7 exclusions: upstairs and 1 more exclusion


Innate Abilities, Weirdness & Mutations

You are a tree.
Your roots penetrate the ground, keeping you stationary.
You cannot be teleported.
You are immune to unholy pain and torment.
Your maximum health is greatly increased.
Your equipment is partially melded.
You are immune to sickness and miasma.
((Your stone body is resilient. (AC +4)))
You are immune to poison.
You resist negative energy. (rN+)
((You are resistant to electric shocks. (rElec)))
You are resistant to unholy torment.
You are immune to petrification.
You passively map a small area around you.


Message History

The water moccasin bites you but does no damage.
You attack the rock wall.
The jelly hits you but does no damage.
You attack the rock wall.
The water moccasin bites you.
* * * LOW HITPOINT WARNING * * *
You completely miss the water moccasin.
The water moccasin is lightly wounded.
You hit the jelly but do no damage. The acid corrodes you!
Your branches burn!
* * * LOW HITPOINT WARNING * * *
The water moccasin bites you but does no damage.
The jelly hits you but does no damage.
You attack the rock wall.
The water moccasin bites you.
* * * LOW HITPOINT WARNING * * *
The jelly hits you but does no damage.
You barely miss the water moccasin.
The water moccasin is lightly wounded.
You hit the jelly. The acid corrodes you!
Your branches burn!
* * * LOW HITPOINT WARNING * * *
The water moccasin bites you but does no damage.
You barely miss the jelly.
The jelly is lightly wounded.
You hit the water moccasin but do no damage.
You feel less invigorated.
You feel less confused.
The water moccasin bites you but does no damage.
The jelly hits you.
* * * LOW HITPOINT WARNING * * *
You are splashed with acid!
* * * LOW HITPOINT WARNING * * *
You hit the water moccasin but do no damage.
The water moccasin is lightly wounded.
You hit the jelly.
Your branches burn!
* * * LOW HITPOINT WARNING * * *
The water moccasin bites you.
* * * LOW HITPOINT WARNING * * *
You closely miss the water moccasin.
The water moccasin is lightly wounded.
You barely miss the jelly. The jelly hits you.
* * * LOW HITPOINT WARNING * * *
You are splashed with acid!
You die...

... #..#
..# ...
..# *..#
#.# #.#
#.# #J##
*** #♣S#
#..# #....
#......
#......#
#........
**
*.........
, , , ,
...###...
, , *


You could see a water moccasin and a jelly.

Vanquished Creatures
  A bullfrog (D:7)
  4 orc priests
  Jessica (D:2)
  An orc wizard (D:4)
  7 gnolls
  6 adders
  A shadow imp (D:7)
  A white imp (D:7)
  2 worms (D:2)
  2 dart slugs
  9 orcs
  3 endoplasms
  5 giant cockroaches
  11 goblins
  5 hobgoblins
  6 jackals
  5 quokkas
  8 ball pythons
  8 bats
  A frilled lizard (D:2)
  6 kobolds
  5 rats (D:1)
98 creatures vanquished.

Vanquished Creatures (others)
  13 plants
13 creatures vanquished.

Grand Total: 111 creatures vanquished

Notes
Turn   | Place    | Note
-------+----------+-------------------------------------------
     0 | D:5      | ragingrage the Gargoyle Delver began the quest for the Orb.
     0 | D:5      | Reached XP level 1. HP: 14/14 MP: 1/1
    21 | D:5      | Noticed an iguana
    28 | D:4      | Noticed a hound
   139 | D:3      | Found a shadowy altar of Dithmenos.
   143 | D:3      | Reached skill level 2 in Axes
   247 | D:2      | Reached XP level 2. HP: 19/19 MP: 2/2
   831 | D:2      | Noticed Terence
   899 | D:1      | Reached skill level 3 in Axes
   908 | D:1      | Reached XP level 3. HP: 6/23 MP: 3/3
  1663 | D:1      | Found a transporter.
  1772 | D:1      | Reached XP level 4. HP: 10/28 MP: 4/4
  2123 | D:1      | Found a faded altar of an unknown god.
  2217 | D:1      | Reached skill level 4 in Axes
  2780 | D:2      | Reached XP level 5. HP: 30/32 MP: 5/5
  2962 | D:2      | Noticed Jessica
  2967 | D:2      | Killed Jessica
  2968 | D:2      | Reached skill level 5 in Axes
  3710 | D:3      | Reached XP level 6. HP: 27/37 MP: 6/6
  4543 | D:3      | Reached skill level 6 in Axes
  4851 | D:4      | You fall into a shaft and drop 3 floors!
  4886 | D:7      | Found a sparkling altar of Nemelex Xobeh.
  5170 | D:6      | Noticed an orc warrior
  5172 | D:6      | Noticed a steam dragon
  5229 | D:7      | Reached XP level 7. HP: 36/41 MP: 7/7
  5312 | D:7      | Noticed a steam dragon
  5423 | D:5      | Gained mutation: You passively map a small area around you.
                  | [potion of mutation]
  5432 | D:5      | HP: 2/61 [acid (4)]
  5443 | D:5      | Splashed by a jelly's acid

Illustrated notes

Levels and vault maps discovered:
D:1:      spicycebolla_arrival_risky_transporter, layout_rooms,
          shapermc_ecumenical_altar_ellora, minmay_misc_feat_square,
          chequers_serial_rivers_room_b, nicolae_grassy_gnolls
D:2:      minmay_razor_zed, layout_basic, serial_corexii_hall,
          corexii_hall_statues_u, chequers_hall_statues_y, uniq_terence,
          uniq_jessica
D:3:      layout_basic, lemuel_tele_altar
D:4:      cheibrodos_old_hovel, layout_basic, kennysheep_cross_bottleneck,
          kennysheep_flooded_box
D:5:      layout_cave_pods, grunt_gozag_statues, minmay_temple_entry_junction_2,
          serial_shops, nicolae_shop_advertising_works
          [nicolae_subvault_shop_adworks]
D:6:      layout_cave_pools, ebering_dispersal_statue_hall,
          amcnicky_altar_lugonu_corruption
D:7:      cheibrodos_barr_body, layout_loops_corners,
          nemelex_xobeh_ov_fountains_minmay

Skill      XL: |  1  2  3  4  5  6 |
---------------+-------------------+-----
Axes           | 2 3 4 5 6 |  6.8
Fighting       | |  3.2
Dodging        | |  1.5
Stealth        | |  5.4

Action                   |  1- 3 |  4- 6 |  7- 9 || total
-------------------------+-------+-------+-------++-------
Melee: Hand axe          |   109 |   227 |     9 ||   345
       Punch             |       |     3 |       ||     3
Throw: Boomerang         |       |    15 |       ||    15
  Use: Scroll            |     3 |     2 |       ||     5
       Potion            |       |       |    10 ||    10
 Stab: Sleeping          |     5 |     7 |       ||    12
Armor: Leather armour    |    69 |    84 |       ||   153
       Scale mail        |       |    15 |     1 ||    16
       Skin              |       |       |    16 ||    16
Dodge: Dodged            |   119 |   148 |    11 ||   278

Table legend: (Time is in decaauts)
 A = Elapsed time spent in this place.
 B = Non-inter-level travel time spent in this place.
 C = Inter-level travel time spent in this place.
 D = Time resting spent in this place.
 E = Time spent auto-exploring this place.
 F = Levels seen in this place.
 G = Mean time per level.
                   A        B        C        D        E       F      G
               +--------+--------+--------+--------+--------+-----+--------+
         Total |   5471 |   5214 |    257 |   2106 |   1880 |   7 |  781.6 |
       Dungeon |   5471 |   5214 |    257 |   2106 |   1880 |   7 |  781.6 |
               +--------+--------+--------+--------+--------+-----+--------+

Top non-repeatable levels by time:
     D:2: 2114 daAuts
     D:1: 1234 daAuts
     D:3: 1027 daAuts
     D:7: 536 daAuts
     D:4: 488 daAuts
     D:5: 44 daAuts
     D:6: 25 daAuts
